 Dungeon Crawl Stone Soup version 0.30-a0-141-g30f27751c5 (webtiles) character file.

Game seed: 12871595344521576510

81 qw the Chopper (level 4, -2/28 HPs)
             Began as a Gargoyle Fighter on Sept 25, 2022.
             Slain by a gnoll
             ... wielding a +0 spear
              (7 damage)
             ... on level 2 of the Dungeon.
             The game lasted 00:00:28 (1940 turns).

qw the Chopper (Gargoyle Fighter)                   Turns: 1940, Time: 00:00:29

Health: -2/28      AC: 12    Str: 22    XL:     4   Next: 40%
Magic:  0/4        EV:  7    Int:  8    God:
Gold:   123        SH:  4    Dex:  9    Spells: 3/3 levels left

rFire   . . .      SeeInvis .    Y - +0 war axe (chaos)
rCold   . . .      Faith    .    c - +0 buckler
rNeg    + . .      Spirit   +    h - +0 chain mail
rPois   inf        Reflect  .    (no helmet)
rElec   +          Harm     .    (no cloak)
rCorr   +          Rampage  .    (no gloves)
Will    .....                    (no boots)
Stlth   ..........               o - amulet of guardian spirit
HPRegen 0.09/turn                i - ring of resist corrosion
MPRegen 0.09/turn                (no ring)

@: no status effects
A: sickness immunity, AC +3, negative energy resistance 1, electricity
resistance, torment resistance 1, petrification resistance
a: no special abilities


You were on level 2 of the Dungeon.
You visited 1 branch of the dungeon, and saw 2 of its levels.

You collected 123 gold pieces.


Innate Abilities, Weirdness & Mutations

You are immune to sickness and miasma.
Your stone body is resilient. (AC +3)
You are immune to poison.
You resist negative energy. (rN+)
You are resistant to electric shocks. (rElec)
You are resistant to unholy torment.
You are immune to petrification.


   Skills:
 - Level 3.2 Fighting
 + Level 3.8 Axes
 - Level 1.1 Throwing
 - Level 3.2 Armour
 - Level 3.2 Shields


You had 3 spell levels left.
You didn't know any spells.
Your spell library was empty.

Inventory:

Hand Weapons
 e - a +0 whip
 Y - a +0 war axe of chaos (weapon)
Missiles
 b - 6 boomerangs
 g - 5 silver javelins (quivered)
Armour
 c - a +0 buckler (worn)
 h - a +0 chain mail (worn)
 j - a +0 buckler of positive energy
 k - a +0 pair of gloves
Jewellery
 i - a ring of resist corrosion (left hand)
 o - an amulet of guardian spirit (around neck)
Potions
 a - a potion of lignification {unknown}
 d - a potion of might
 f - 2 potions of curing
 l - 2 potions of degeneration {unknown}

Dungeon Overview and Level Annotations

Branches:
Dungeon (2/15)

Altars:


Message History

The gnoll barely misses you.
You barely miss the gnoll.
The gnoll is heavily wounded.
The gnoll hits you but does no damage. The gnoll closely misses you.
You closely miss the gnoll.
The gnoll is heavily wounded.
The gnoll hits you from afar with a +0 spear.
The gnoll hits you but does no damage.
You barely miss the gnoll.
The gnoll is heavily wounded.
The gnoll hits you but does no damage. The gnoll hits you with a +0 whip.
The gnoll hits you but does no damage. You block the gnoll's attack.
You slash the gnoll! You burn the gnoll.
You kill the gnoll!
You block the gnoll's attack. You block the gnoll's attack.
The gnoll hits you from afar with a +0 spear.
You see here a +0 whip.
You barely miss the gnoll.
The gnoll hits you but does no damage. x2
You hit the gnoll.
The gnoll is poisoned.
The gnoll is moderately wounded.
The gnoll hits you with a +0 spear. The gnoll barely misses you.
You block the gnoll's attack. The gnoll closely misses you.
You completely miss the gnoll.
The gnoll is heavily wounded.
The gnoll hits you but does no damage.
The gnoll hits you from afar with a +0 spear.
You hit the gnoll.
You kill the gnoll!
You block the gnoll's attack. The gnoll hits you but does no damage.
There is a stone staircase leading up, spattered with blood here.
Things that are here:
a +0 spear; a gnoll corpse You closely miss the gnoll.
The gnoll hits you with a +0 spear. The gnoll closely misses you.
You hit the gnoll but do no damage. The gnoll hits you with a +0 spear!
You die...

#...#
##.############.#
##..###.#### #.#
#...#.)...# #.#
#.##.####.# #.# #
#.##.#
##########.###
#.####.##.#
..............#
#.........#
#.##########.#.#
####.#.#.####...#
#.#.#
#.##.....)@g..#
##....
##.###.####...#
######...).
##.#.##
#...........<...
##.##
##########.....
### ##.... ###.#
#.# #.. #..


You could see a gnoll.

Vanquished Creatures
  3 gnolls (D:2)
  2 adders (D:2)
  A dart slug (D:2)
  A ball python (D:2)
  3 endoplasms
  3 goblins
  4 hobgoblins
  4 jackals
  A bat (D:1)
  3 frilled lizards
  3 kobolds
  5 rats
33 creatures vanquished.

Vanquished Creatures (others)
  A plant (D:1)
1 creature vanquished.

Grand Total: 34 creatures vanquished

Notes
Turn   | Place    | Note
-------+----------+-------------------------------------------
     0 | D:1      | qw the Gargoyle Fighter began the quest for the Orb.
     0 | D:1      | Reached XP level 1. HP: 14/14 MP: 1/1
     0 | D:1      | 0 ||| qw: Version: 0.2-a-10-g399e6c4
     0 | D:1      | 0 ||| qw: Game counter: 256
     0 | D:1      | 0 ||| qw: Always use a shield: true
     0 | D:1      | 0 ||| qw: God list: Okawaru
     0 | D:1      | 0 ||| qw: Allow faded altars: false
     0 | D:1      | 0 ||| qw: Do Orc after D:15 true
     0 | D:1      | 0 ||| qw: Do second Lair branch before Depths: true
     0 | D:1      | 0 ||| qw: Lair rune preference: random
     0 | D:1      | 0 ||| qw: Plans: Normal, Zot:1-4, God:TSO, Crypt, Tomb,
                  | Pan, Slime:5, Hells, Abyss, Orb
     0 | D:1      | 0 ||| PLANNING D:1-11
    38 | D:1      | 38 ||| Stepping ~*~*~tactically~*~*~ (stealth).
   159 | D:1      | 159 ||| Stepping ~*~*~tactically~*~*~ (stealth).
   160 | D:1      | 160 ||| Stepping ~*~*~tactically~*~*~ (stealth).
   270 | D:1      | Reached XP level 2. HP: 19/19 MP: 2/2
   359 | D:1      | Found a faded altar of an unknown god.
  1289 | D:1      | 1289 ||| UPGRADING to +0 chain mail.
  1299 | D:1      | 1299 ||| DROPPING +0 scale mail.
  1300 | D:1      | 1300 ||| UPGRADING to amulet of guardian spirit.
  1305 | D:1      | 1305 ||| UPGRADING to ring of resist corrosion.
  1306 | D:1      | 1306 ||| READING scroll labelled FURPHY VYKEN.
  1307 | D:1      | 1307 ||| READING scroll labelled NAXTEZ BO POMAIPT.
  1308 | D:1      | 1308 ||| READING scroll labelled YRESUOTHOT.
  1311 | D:1      | 1311 ||| READING scroll labelled NUYLIN POO.
  1335 | D:1      | 1335 ||| DRINKING 2 ruby potions.
  1511 | D:2      | Reached skill level 3 in Axes
  1511 | D:2      | Reached XP level 3. HP: 23/23 MP: 3/3
  1576 | D:2      | 1576 ||| Stepping ~*~*~tactically~*~*~ (hiding).
  1610 | D:2      | Reached skill level 1 in Throwing
  1855 | D:2      | 1855 ||| Stepping ~*~*~tactically~*~*~ (stealth).
  1864 | D:2      | 1864 ||| Stepping ~*~*~tactically~*~*~ (stealth).
  1901 | D:2      | Reached XP level 4. HP: 28/28 MP: 4/4
  1922 | D:2      | 1922 ||| Stepping ~*~*~tactically~*~*~ (stealth).
  1936 | D:2      | HP: 7/28 [gnoll/+0 spear (3)]
  1940 | D:2      | Slain by a gnoll

Levels and vault maps discovered:
D:1:      lemuel_arrival_river_ford, layout_loops_ring,
          shapermc_ecumenical_altar_gd, serial_forest, infiniplex_forest_end_1,
          infiniplex_forest_lined_2, infiniplex_forest_straight_2,
          infiniplex_forest_lined_3, infiniplex_forest_clump_curved,
          infiniplex_forest_lined_room_3, infiniplex_forest_clump_long,
          infiniplex_forest_join, minmay_misc_feat_more_columns,
          minmay_heptomino_l4
D:2:      layout_loops_ring

Skill      XL: |  1  2  3 |
---------------+----------+-----
Axes           | 2 3 |  3.8
Throwing       | 1 |  1.1
Fighting       | |  3.2
Armour         | |  3.2
Shields        | |  3.2

Action                   |  1- 3 |  4- 6 || total
-------------------------+-------+-------++-------
Melee: War axe           |    53 |    15 ||    68
Throw: Javelin           |    35 |       ||    35
  Use: Scroll            |     4 |       ||     4
       Potion            |     1 |       ||     1
Armor: Scale mail        |    15 |       ||    15
       Chain mail        |     9 |    14 ||    23
Dodge: Dodged            |    24 |     5 ||    29
Block: Buckler           |     9 |     5 ||    14

Table legend:
 A = Non-vault XP
 B = Vault XP
 C = Vault XP percentage of total XP
 D = Non-vault monster count
 E = Vault monster count
 F = Vault count percentage of total count
                 A         B        C        D         E       F
            +---------+---------+-------+---------+---------+-------
      Total |     114 |       2 |   1.7 |      31 |       2 |   6.1
            +---------+---------+-------+---------+---------+-------
        D:1 |      20 |       2 |   9.1 |      12 |       2 |  14.3
        D:2 |      94 |       0 |   0.0 |      19 |       0 |   0.0
            +---------+---------+-------+---------+---------+-------
